 Dungeon Crawl Stone Soup version 0.18.1-48-g4cf74bf (webtiles) character file.

120 Hopiakuusi the Caller (level 4, 30/30 HPs)
             Began as a Mummy Summoner on Aug 17, 2016.
             Was a Follower of Ru.
             Quit the game on level 3 of the Dungeon.
             The game lasted 00:46:19 (3984 turns).

Hopiakuusi the Caller (Mummy Summoner)              Turns: 3984, Time: 00:46:20

Health: 30/30      AC:  4    Str: 11    XL:     4   Next: 75%
Magic:  7/9        EV: 12    Int: 15    God:    Ru [*.....]
Gold:   41         SH:  0    Dex: 12    Spells: 4 memorised, 0 levels left

rFire  x . .     SeeInvis .     j - +1 whip (flame)
rCold  + + .     Gourm    .     l - +2 robe {rC+}
rNeg   + + +     Faith    .     (no shield)
rPois  ∞         Spirit   .     (no helmet)
rElec  .         Dismiss  .     (no cloak)
rCorr  .         Reflect  .     (no gloves)
SustAt .         Harm     .     (no boots)
MR     .....                    (no amulet)
Stlth  ++........               (no ring)
                                g - ring of wizardry

@: not resistant to hostile enchantments, unstealthy
A: no food or potions, fire vulnerability, cold resistance 1, negative energy
resistance 3, torment resistance, unbreathing, hated by all
a: Renounce Religion


You were on level 3 of the Dungeon.
You worshipped Ru.
Ru was aware of your devotion.
You were not hungry.

You visited 1 branch of the dungeon, and saw 3 of its levels.

You collected 41 gold pieces.

Inventory:

Hand Weapons
 c - a +0 short sword
 j - a +1 whip of flaming (weapon)
Missiles
 d - 135 stones (quivered)
Armour
 a - a +0 robe
 l - a +2 robe of cold resistance (worn)
Jewellery
 g - a ring of wizardry (left hand)
Scrolls
 e - 3 scrolls of identify {unknown}
 f - a scroll of remove curse {unknown}
 h - a scroll of random uselessness {unknown}
 i - a scroll of magic mapping {unknown}
 k - a scroll of teleportation {unknown}
Books
 b - a book of Callings

   Spells                             Type                      Level
   a - Summon Small Mammal            Summoning                    1
   b - Call Imp                       Summoning                    2
   c - Call Canine Familiar           Summoning                    3
   d - Summon Guardian Golem          Hexes/Summoning              3
   e - Summon Lightning Spire         Summoning/Air                4
   f - Summon Ice Beast               Ice/Summoning                4


   Skills:
 - Level 1.5 Dodging
 - Level 1.5 Stealth
 + Level 3.8 Spellcasting
 * Level 4.0 Summonings


You couldn't memorise any spells.
You knew the following spells:

 Your Spells              Type           Power        Failure   Level  Hunger
a - Summon Small Mammal   Summ           ###.         1%          1    N/A
b - Call Imp              Summ           ###.....     2%          2    N/A
c - Summon Guardian Gole  Hex/Summ       #.......     10%         3    N/A
d - Summon Lightning Spi  Summ/Air       #.......     45%         4    N/A

Dungeon Overview and Level Annotations

Branches:
Dungeon (3/15)

Altars:
Ashenzari
Ru


Innate Abilities, Weirdness & Mutations

You do not eat or drink.
Your flesh is vulnerable to fire.
You are immune to poison.
Your flesh is cold resistant.
You are immune to negative energy.
You are immune to unholy pain and torment.
You can survive without breathing.
You are hated by all.


Message History

Ru believes you are ready to make a new sacrifice.
Okay, then.
Ru asks you to sacrifice your ability to be loved.
This is a significant sacrifice.
Piety after sacrifice: *.....
Do you really want to make this sacrifice?
Uppercase [Y]es or [N]o only, please.
Do you really want to make this sacrifice?
You are now hated by all.
You exude an aura of power that intimidates your foes.
The white imp hits you but does no damage.
Casting: Call Imp
Confirm with . or Enter, or press ? or * to list all spells.
You cannot coerce anything to answer your summons.
Press: ? - help, v - describe, . - travel The floor.
Quiver which item? (- for none, * to show all) (? for menu, Esc to quit)
Okay, then.
Quiver which item? (- for none, * to show all) (? for menu, Esc to quit)
Okay, then.
Are you sure you want to abandon this character and quit the game? (Confirm with "yes".)

...##..## #.#
.#.##...#####.####
###....#.........#
.#.##...########.#
#.###.....# #.#
........#.# #.#
........#.# #.#
......###.######5#######
...##.....#...).@.......
...########.######.#####
...# .# #.## # #.# ..#
### # #


You could see a white imp.

Vanquished Creatures
  2 adders (D:2)
  An ooze (D:2)
  A worm (D:2)
  A dart slug (D:1)
  2 giant geckos
  2 orcs (D:3)
  3 bats (D:1)
  A giant cockroach (D:1)
  2 goblins (D:1)
  3 hobgoblins (D:1)
  2 jackals (D:1)
  3 kobolds
  3 giant newts
  6 rats
32 creatures vanquished.

Vanquished Creatures (collateral kills)
  An orc priest (D:3)
  An orc wizard (D:3)
  2 adders
  A worm (D:1)
  A dart slug (D:1)
  A giant gecko (D:1)
  An orc (D:3)
  5 bats
  A giant cockroach (D:2)
  6 goblins
  A hobgoblin (D:3)
  3 jackals (D:1)
  5 kobolds
  3 giant newts (D:2)
  4 rats
36 creatures vanquished.

Grand Total: 68 creatures vanquished

Notes
Turn   | Place    | Note
--------------------------------------------------------------
     0 | D:1      | Hopiakuusi the Mummy Summoner began the quest for the Orb.
     0 | D:1      | Reached XP level 1. HP: 13/13 MP: 3/3
   552 | D:1      | Reached XP level 2. HP: 19/19 MP: 3/5
   572 | D:1      | Learned a level 2 spell: Call Imp
  1258 | D:2      | Found a shattered altar of Ashenzari.
  1276 | D:2      | Found a sacrificial altar of Ru.
  1281 | D:2      | Became a worshipper of Ru the Awakened
  1394 | D:2      | Reached XP level 3. HP: 23/24 MP: 4/7
  1399 | D:2      | Learned a level 3 spell: Summon Guardian Golem
  3311 | D:3      | Reached XP level 4. HP: 30/30 MP: 4/9
  3356 | D:3      | Learned a level 4 spell: Summon Lightning Spire
  3481 | D:2      | Reached skill level 4 in Summonings
  3983 | D:3      | Gained mutation: You are hated by all. [Ru sacrifice]
  3983 | D:3      | Reached * piety under Ru
  3984 | D:3      | Quit the game

Skill      XL: |  1  2  3  4 |
---------------+-------------+-----
Spellcasting   | 3 |  3.8
Summonings     | 4 |  4.0
Dodging        | |  1.5
Stealth        | |  1.5

Action                   |  1- 3 |  4- 6 || total
-------------------------+-------+-------++-------
Melee: Unarmed           |    15 |       ||    15
       Short sword       |    34 |       ||    34
       Whip              |    50 |    16 ||    66
 Cast: Summon Small Mamm |    21 |       ||    21
       Call Imp          |    54 |    14 ||    68
       Summon Guardian G |     1 |     4 ||     5
Invok: Sacrifice Love    |       |     1 ||     1
  Use: Scroll            |       |     1 ||     1
 Stab: Distracted        |     1 |       ||     1
Armor: Robe              |    14 |    11 ||    25
Dodge: Dodged            |    68 |    24 ||    92
